 Dungeon Crawl Stone Soup version 0.19-a0-1365-gb34f4cb (webtiles) character file.

6405 dorian the Cleaver (level 10, -4/77 HPs)
             Began as a Minotaur Fighter on Sept 2, 2016.
             Was an Elder of Uskayaw.
             Slain by an orc warrior
             ... wielding a +0 dire flail
              (12 damage)
             ... on level 10 of the Dungeon.
             The game lasted 00:15:44 (7875 turns).

dorian the Cleaver (Minotaur Fighter)               Turns: 7875, Time: 00:15:46

Health: -4/77      AC: 17    Str: 25      XL:     10   Next: 66%
Magic:  0/11       EV:  6    Int:  4 (5)  God:    Uskayaw [****..]
Gold:   643        SH: 12    Dex: 12 (13) Spells: 0 memorised, 9 levels left

rFire  . . .     SeeInvis .     a - +0 war axe
rCold  . . .     Gourm    .     k - +0 plate armour
rNeg   + . .     Faith    +     c - +0 shield
rPois  .         Spirit   .     (helmet restricted)
rElec  .         Dismiss  .     y - +0 cloak
rCorr  +         Reflect  .     A - +0 pair of gloves
MR     +....     Harm     .     (no boots)
Stlth  .......... Rnd*Rage +    D - amulet of faith
                                G - ring of resist corrosion
                                m - ring of positive energy

@: lethally poisoned (-4 -> -24)
A: retaliatory headbutt, horns 2, talons 1, agile 1, berserk 1, deterioration 1,
high mp 2, magic resistance 1, strong 1
a: Stomp, Line Pass, Renounce Religion


You were on level 10 of the Dungeon.
You worshipped Uskayaw.
Uskayaw was noncommittal.
You were very hungry.

You visited 2 branches of the dungeon, and saw 11 of its levels.

You collected 643 gold pieces.

Inventory:

Hand Weapons
 a - a +0 war axe (weapon)
 r - a cursed +0 whip
Armour
 c - a +0 shield (worn)
 k - a +0 plate armour (worn)
 y - a +0 cloak (worn)
 A - a +0 pair of gloves (worn)
Jewellery
 m - a ring of positive energy (left hand)
 p - an uncursed amulet of guardian spirit {unknown}
 D - an amulet of faith (around neck)
 G - a ring of resist corrosion (right hand)
 M - an uncursed ring of magical power {unknown}
Wands
 u - a wand of teleportation (3/9)
 v - a wand of iceblast (8/15)
 H - a wand of teleportation (5/9)
 J - a wand of slowing (11/48)
 K - a wand of lightning (4/15)
Scrolls
 b - a scroll of immolation {unknown}
 e - 3 scrolls of noise
 g - 6 scrolls of remove curse
 h - a scroll of enchant weapon {unknown}
 j - 2 scrolls of amnesia {unknown}
 o - 2 scrolls of teleportation {unknown}
 q - 2 scrolls of magic mapping
 s - a scroll of random uselessness {unknown}
 t - 2 scrolls of enchant armour {unknown}
 B - 2 scrolls of recharging {unknown}
 E - 8 scrolls of identify
 I - a scroll of silence {unknown}
Potions
 d - 2 potions of might
 x - 2 potions of curing
Comestibles
 f - 7 bread rations
 i - 3 beef jerkies
 l - a meat ration
 z - 2 royal jellies
 C - 3 fruits


   Skills:
 - Level 3.6 Fighting
 * Level 13.4 Axes
 + Level 10.2 Armour
 + Level 10.3 Shields


You had 9 spell levels left.
You didn't know any spells.

Dungeon Overview and Level Annotations

Branches:
Dungeon (10/15)            Temple (1/1) D:4            Lair (0/6) D:10
    Orc (0/2) D:10

Altars:
Ashenzari
Cheibriados
Dithmenos
Elyvilon
Fedhas
Gozag
Hepliaklqana
Kikubaaqudgha
Makhleb
Nemelex Xobeh
Okawaru
Qazlal
Ru
Sif Muna
Trog
Uskayaw
Vehumet
Xom
Yredelemnul
Zin
The Shining One
Beogh


Innate Abilities, Weirdness & Mutations

You reflexively headbutt those who attack you in melee.
You have a pair of horns on your head.
You have sharp toenails.
You are agile. (Dex +2)
You tend to lose your temper in combat.
Your body sometimes deteriorates upon taking damage.
You have a considerably increased reservoir of magic. (+20% MP)
You are resistant to hostile enchantments. (MR+)
Your muscles are strong. (Str +2)


Message History

You headbutt the orc warrior.
The orc warrior is severely wounded.
You closely miss the orc. You hit the orc warrior.
You closely miss the orc warrior.
You hit the orc warrior but do no damage.
* * * LOW HITPOINT WARNING * * *
You feel sick. You block the orc's attack. You block the orc warrior's attack.
You closely miss the orc warrior.
You claw the orc warrior, but do no damage.
The orc warrior is severely wounded.
You slash the orc!
You kill the orc!
You closely miss the orc warrior.
Your plate armour prevents you from hitting the orc warrior.
You hit the orc warrior.
You kill the orc warrior!
* * * LOW HITPOINT WARNING * * *
You feel sick. You block the orc warrior's attack.
The orc warrior hits you with a dire flail!
You die...

..# #.....#..⌠..8............ ..#
#.....#.....#.....))).... ..#
#.....#.....#...%.)))(... ..#####
#.....#>._.8#....))))....
......###.....#.....#......).....
..###...'.....#.o...#............
..# #####.....#..⌠.)8............
..# ####'##.oo(['..########## ..#
#.##.@).)8.## #### ###
#.##.)o..#.# #... ####'######## #
#.## #........# #.# #........#
#.# #########......>.# ######'##
.....#..'........# ######[......#
.....#.##........###..(.'.......#
.....'.##........##..####.......#


You could see 3 orc warriors and an orc priest.

Vanquished Creatures
  The ghost of dorian the Gusty, a novice DgAE (D:5)
  Maurice (D:9)
  A troll (D:9)
  5 yaks (D:9)
  A wyvern (D:8)
  3 water moccasins
  6 orc warriors
  2 black bears
  2 sky beasts
  A phantom (D:4)
  An eye of draining (D:8)
  7 ogres
  4 centaurs
  4 big kobolds
  4 giant frogs
  2 scorpions
  3 howler monkeys
  3 crimson imps
  4 jellies
  A giant frog zombie (D:6)
  4 giant frog skeletons
  6 hounds
  5 orc priests
  7 orc wizards
  An iguana (D:10)
  7 worker ants
  A hound zombie (D:6)
  A worker ant zombie (D:6)
  Robin (D:3)
  A howler monkey zombie (D:6)
  7 gnolls (D:6)
  15 adders
  3 shadow imps
  An adder skeleton (D:8)
  A worm (D:2)
  A dart slug (D:4)
  7 giant geckos
  38 orcs
  2 bats (D:1)
  3 giant cockroaches
  43 goblins
  30 hobgoblins
  5 quokkas
  2 ball pythons (D:3)
  A ball python skeleton (D:5)
  3 giant newts
  18 kobolds
  6 rats
276 creatures vanquished.

Notes
Turn   | Place    | Note
-------+----------+-------------------------------------------
     0 | D:1      | dorian the Minotaur Fighter began the quest for the Orb.
     0 | D:1      | Reached XP level 1. HP: 19/19 MP: 0/0
   292 | D:1      | Reached skill level 3 in Axes
   331 | D:1      | Reached XP level 2. HP: 23/26 MP: 1/1
   785 | D:2      | Found a faded altar of an unknown god.
   906 | D:2      | Reached XP level 3. HP: 30/31 MP: 2/2
  1281 | D:2      | Reached skill level 4 in Axes
  1540 | D:3      | Reached XP level 4. HP: 39/39 MP: 3/3
  1590 | D:3      | Noticed Robin
  1603 | D:3      | Killed Robin
  1649 | D:3      | Reached skill level 5 in Axes
  1649 | D:3      | Reached XP level 5. HP: 40/45 MP: 4/4
  2169 | D:4      | Reached skill level 5 in Shields
  2333 | D:4      | Found a staircase to the Ecumenical Temple.
  2334 | D:4      | Noticed a phantom
  2367 | D:4      | Killed a phantom
  2367 | D:4      | Reached XP level 6. HP: 42/51 MP: 5/5
  2386 | Temple   | Entered the Ecumenical Temple
  2423 | Temple   | Became a worshipper of Uskayaw the Reveler
  2772 | D:5      | Entered Level 5 of the Dungeon
  2798 | D:5      | Reached * piety under Uskayaw
  2948 | D:5      | Reached skill level 6 in Axes
  2975 | D:5      | Noticed dorian's ghost (novice DgAE)
  2989 | D:5      | Reached ** piety under Uskayaw
  3014 | D:5      | Killed dorian's ghost
  3014 | D:5      | Reached skill level 7 in Axes
  3014 | D:5      | Reached skill level 5 in Armour
  3014 | D:5      | Reached XP level 7. HP: 26/57 MP: 6/6
  3504 | D:5      | Reached *** piety under Uskayaw
  3505 | D:5      | Reached skill level 8 in Axes
  3507 | D:5      | Reached **** piety under Uskayaw
  3540 | D:5      | Reached XP level 8. HP: 26/64 MP: 7/7
  4124 | D:6      | Reached skill level 9 in Axes
  4124 | D:6      | Reached ***** piety under Uskayaw
  4130 | D:6      | Reached ****** piety under Uskayaw
  4390 | D:6      | Reached skill level 10 in Axes
  4798 | D:7      | Reached XP level 9. HP: 52/70 MP: 8/8
  5299 | D:7      | Reached skill level 11 in Axes
  6188 | D:8      | Reached skill level 12 in Axes
  6321 | D:8      | Gained mutation: You are agile. (Dex +2) [mutagenic meat]
  6324 | D:8      | Gained mutation: You have sharp toenails. [mutagenic meat]
  6327 | D:8      | Gained mutation: You have an increased reservoir of magic. (+10% MP) [mutagenic meat]
  6333 | D:8      | Gained mutation: You tend to lose your temper in combat. [mutagenic meat]
  6339 | D:8      | Gained mutation: Your body sometimes deteriorates upon taking damage. [mutagenic meat]
  6342 | D:8      | Gained mutation: Your muscles are strong. (Str +2) [potion of beneficial mutation]
  6492 | D:9      | Noticed a troll
  6506 | D:9      | Killed a troll
  6506 | D:9      | Reached XP level 10. HP: 56/77 MP: 10/10
  6738 | D:9      | Noticed Maurice
  6750 | D:9      | Killed Maurice
  6947 | D:9      | Gained mutation: You have a considerably increased reservoir of magic. (+20% MP) [potion of mutation]
  6947 | D:9      | Gained mutation: You are resistant to hostile enchantments. (MR+) [potion of mutation]
  7032 | D:9      | Reached skill level 10 in Shields
  7034 | D:9      | Reached skill level 13 in Axes
  7427 | D:10     | Entered Level 10 of the Dungeon
  7433 | D:10     | Reached skill level 10 in Armour
  7632 | D:10     | Found a staircase to the Lair.
  7848 | D:10     | Found a roughly hewn altar of Beogh.
  7848 | D:10     | Found a staircase to the Orcish Mines.
  7867 | D:10     | HP: 1/77 [orc warrior/trident (5)]
  7875 | D:10     | Slain by an orc warrior

Vault maps used:
D:1:      saegor_arrival_miasma
D:2:      ecumenical_altar_1
D:3:      first_bread, uniq_robin
D:6:      minmay_goblin_kobold_castle
D:9:      uniq_maurice
D:10:     lair_0_dummy, david_orc_5
Temple:   compressed_dpeg_circular_temple

Skill      XL: |  1  2  3  4  5  6  7  8  9 10 |
---------------+-------------------------------+-----
Axes           | 3 4 5 7 8 10 12 13 | 13.4
Shields        | 4 5 6 7 9 10 | 10.3
Armour         | 4 5 6 7 9 10 | 10.2
Fighting       | |  3.6

Action                   |  1- 3 |  4- 6 |  7- 9 | 10-12 || total
-------------------------+-------+-------+-------+-------++-------
Melee: War axe           |   115 |   138 |   357 |   114 ||   724
       Headbutt          |    15 |    21 |    57 |    30 ||   123
       Kick              |       |       |     3 |    37 ||    40
Invok: Stomp             |       |       |     2 |     4 ||     6
       Line Pass         |       |       |       |     2 ||     2
  Use: Potion            |       |       |     7 |     9 ||    16
       Scroll            |       |       |     4 |       ||     4
 Stab: Paralysed         |       |       |    16 |    13 ||    29
       Confused          |       |       |       |     1 ||     1
  Eat: Chunk             |     2 |     5 |    19 |     5 ||    31
Armor: Scale mail        |     8 |       |       |       ||     8
       Plate armour      |    45 |    75 |   147 |    64 ||   331
       Skin              |       |       |       |     2 ||     2
Dodge: Dodged            |    29 |    11 |    60 |    22 ||   122
Block: Shield            |    57 |    65 |   205 |   102 ||   429
